AoeStats
← SeemsFishy

Arena

509874069Analyzed
4v4 RM · 2d ago on Sep 28, 2026· 39m 6s· 8 players
Game mode
Random Map
Map size
Large (8 player)
Population
200
Speed
Normal
Resources
Standard
Victory
Conquest
Starting age
Dark Age
Ending age
Imperial Age
RankedLock teamsTeams togetherTeam positionsShared explorationLock speedFull tech treeHidden civsTurbo modeCheats
Victory
Defeat
🇷🇴 Teutons · Romania
1426
+13
🇫🇮 Armenians · Finland
1399
+15
🇬🇧 Vietnamese · United Kingdom
1399
+15
🇫🇮 Wei · Finland
1382
+14
🇹🇼 Tatars · Taiwan
1390
-15
🇦🇷 Teutons · Argentina
1389
-15
🇹🇼 Saracens · Taiwan
1364
-14
🇹🇼 Danes · Taiwan
1327
-13
Yasuo, the Unforgiven
6:55 Loom
9:51 Feudal Age
10:20 Double-Bit Axe
14:07 Horse Collar
19:04 Castle Age
17:27 Gold Mining
19:02 Bloodlines
19:25 Scale Barding Armor
21:26 Husbandry
27:44 Stone Mining
28:32 Wheelbarrow
35:09 Imperial Age
33:15 Bow Saw
33:44 Chain Barding Armor
34:45 Gold Shaft Mining
34:51 Ballistics
34:44 Fortified Wall
35:06 Forging
36:46 Elite Tiger Cavalry
39:06 Iron Casting
39:21 Conscription
sjhgdtbr
5:17 Loom
11:42 Feudal Age
12:51 Double-Bit Axe
13:03 Horse Collar
15:40 Castle Age
14:51 Town Watch
15:43 Wheelbarrow
16:52 Bow Saw
18:58 Forging
23:14 Hand Cart
23:35 Stone Mining
25:57 Sanctity
25:39 Fletching
29:23 Imperial Age
26:47 Gold Mining
27:33 Scale Barding Armor
28:24 Stone Shaft Mining
28:11 Town Patrol
28:25 Bloodlines
30:01 Chain Barding Armor
30:03 Squires
30:39 Iron Casting
30:10 Cavalier
34:09 Blast Furnace
33:20 Paladin
35:13 Redemption
36:41 Chemistry
36:50 Plate Barding Armor
37:02 Bodkin Arrow
37:29 Ballistics
38:10 Crenellations
39:02 Block Printing
39:17 Bombard Tower
SeemsFishy
10:22 Feudal Age
14:51 Castle Age
13:26 Double-Bit Axe
14:18 Horse Collar
16:12 Bow Saw
17:05 Wheelbarrow
19:56 Heavy Plow
20:04 Gold Mining
20:21 Stone Mining
21:59 Hand Cart
21:55 Loom
21:58 Town Watch
23:17 Stone Shaft Mining
27:19 Imperial Age
25:30 Fletching
26:39 Fortified Wall
26:34 Bodkin Arrow
27:10 Padded Archer Armor
27:43 Ballistics
26:54 Crossbowman
28:20 Bracer
29:26 Chemistry
29:07 Thumb Ring
29:59 Arbalester
31:39 Hoardings
32:16 Leather Archer Armor
34:26 Ring Archer Armor
34:22 Masonry
34:11 Murder Holes
34:57 Paper Money
35:50 Heavy Cavalry Archer
cro55b0w
10:12 Feudal Age
11:31 Loom
16:45 Castle Age
14:56 Double-Bit Axe
16:02 Man-at-Arms
16:40 Gold Mining
16:54 Horse Collar
18:19 Bow Saw
19:37 Long Swordsman
22:29 Gambesons
23:13 Two-Handed Swordsman
24:35 Squires
25:49 Wheelbarrow
25:29 Scale Mail Armor
28:35 Chain Mail Armor
34:42 Hand Cart
33:59 Elite Skirmisher
38:19 Imperial Age
37:19 Fletching
37:52 Padded Archer Armor
38:48 Heavy Plow
38:43 Imperial Skirmisher
39:26 Bodkin Arrow
11HQQQQ
7:00 Loom
9:30 Feudal Age
21:32 Castle Age
20:58 Double-Bit Axe
20:54 Horse Collar
SKYRIM
10:50 Feudal Age
14:48 Castle Age
13:19 Double-Bit Axe
13:25 Horse Collar
15:38 Bow Saw
16:07 Heavy Plow
20:32 Loom
21:23 Wheelbarrow
23:29 Town Watch
29:14 Imperial Age
27:32 Masonry
30:41 Onager
30:45 Hamask
33:40 Scale Mail Armor
33:50 Forging
34:37 Chain Mail Armor
35:04 Gold Mining
37:43 Plate Mail Armor
37:49 Iron Casting
39:21 Fletching
疫拳抄人
4:27 Loom
10:56 Feudal Age
14:50 Castle Age
12:58 Double-Bit Axe
12:54 Horse Collar
16:54 Wheelbarrow
22:43 Hand Cart
27:30 Imperial Age
24:46 Town Watch
25:44 Loom
27:08 Fortified Wall
27:08 Fletching
28:08 Ballistics
28:08 Husbandry
28:22 Bloodlines
29:21 Bodkin Arrow
29:30 Town Patrol
29:43 Bow Saw
29:34 Heavy Plow
30:31 Bracer
31:39 Conscription
31:31 Gold Mining
31:14 Heavy Cavalry Archer
34:02 Chemistry
36:00 Padded Archer Armor
36:14 Silk Armor
38:38 Leather Archer Armor
38:47 Timurid Siegecraft
Sein
10:07 Feudal Age
14:23 Castle Age
12:57 Horse Collar
13:03 Double-Bit Axe
14:29 Fletching
21:44 Wheelbarrow
22:03 Crossbowman
22:52 Town Watch
23:24 Bodkin Arrow
25:33 Hand Cart
31:52 Imperial Age
31:46 Heavy Plow
34:38 Chemistry
33:32 Light Cavalry
34:23 Bloodlines
35:23 Conscription
34:56 Loom
35:30 Hussar
37:54 Gambesons
38:23 Scale Barding Armor
Connection lost

Rejoining the realm…

Still unreachable

The connection could not be restored.

Session expired

The server has moved on; the page needs a fresh start.